 Dungeon Crawl Stone Soup version 0.29-a0-243-g602b31c20e (webtiles) character file.

Game seed: 17601323563949302069

72 spaghetti the Skirmisher (level 4, -5/29 HPs)
             Began as a Deep Elf Fighter on Mar 4, 2022.
             Killed by divine providence
             ... invoked by an orc priest
              (12 damage)
             ... on level 3 of the Dungeon.
             The game lasted 00:03:17 (3488 turns).

spaghetti the Skirmisher (Deep Elf Fighter)         Turns: 3488, Time: 00:03:18

Health: -5/29      AC:  7    Str: 13    XL:     4   Next: 7%
Magic:  6/6        EV:  8    Int: 15    God:
Gold:   60         SH:  4    Dex: 14    Spells: 3/3 levels left

rFire   . . .      SeeInvis .     - Unarmed
rCold   . . .      Faith    .   w - +0 buckler
rNeg    . . .      Spirit   .   a - +0 scale mail
rPois   .          Reflect  .   (no helmet)
rElec   .          Harm     .   (no cloak)
rCorr   .          Rampage  .   j - +0 pair of gloves
Will    .....                   (no boots)
Stlth   ..........              (no amulet)
HPRegen 0.09/turn               (no ring)
MPRegen 0.10/turn               (no ring)

@: no status effects
A: no striking features
a: no special abilities


You were on level 3 of the Dungeon.
You visited 1 branch of the dungeon, and saw 3 of its levels.

You collected 60 gold pieces.


   Skills:
 + Level 4.1 Fighting
 - Level 2.4 Armour
 - Level 2.4 Shields
 - Level 1.5 Unarmed Combat


You had 3 spell levels left.
You didn't know any spells.
Your spell library contained the following spells:

 Spells                   Type           Power      Damage    Failure   Level
 Freeze                   Ice            0%         1d3       86%         1
 Slow                     Hex            0%         N/A       86%         1
 Confusing Touch          Hex            0%         N/A       99%         3
 Frozen Ramparts          Ice            0%         1d2       99%         3
 Vampiric Draining        Necr           0%         2d6       99%         3
 Hailstorm                Conj/Ice       0%         3d3       100%        4

Inventory:

Hand Weapons
 b - a +1 hunting sling of freezing {sling}
   (You took it off a goblin on level 3 of the Dungeon)
 h - a +0 whip {mace}
   (You found it on level 3 of the Dungeon)
 v - a +0 dagger {short}
   (You took it off a goblin on level 3 of the Dungeon)
 x - a +0 mace {mace}
   (You found it on level 3 of the Dungeon)
Missiles
 d - 2 throwing nets {=f!fthrowing}
 f - 114 stones (quivered) {throwing}
 q - 8 poisoned darts {throwing}
Armour
 a - a +0 scale mail (worn)
 j - a +0 pair of gloves (worn)
   (You found it on level 1 of the Dungeon)
 w - a +0 buckler (worn)
Wands
 e - a wand of mindburst (5)
   (You found it on level 3 of the Dungeon)
 n - a wand of polymorph (8)
   (You found it on level 2 of the Dungeon)
Scrolls
 g - a scroll of blinking {unknown}
 p - a scroll of fog
Potions
 c - 2 potions of might
 k - a potion of haste {@q3}
 o - 2 potions of attraction {unknown}
 s - a potion of lignification {unknown}
 t - a potion of curing {unknown}

Dungeon Overview and Level Annotations

Branches:
Dungeon (3/15)

Altars:
Zin

#o. #.# ###..# #### #.#
..... ..# #.# #..o #.#
#.# ..##...#######.####
#.###
........).........###...#
..###.##.†...............
# #)#####.##.#####.# #
#@# #.##.#####.#
#.##.#####...........
#.............#####.#
####.######.........# #.#
#.######### #.# #.#
#######
#.######.###......
#.o..........#####
#.######.#####


You could see an orc priest.


Message History

Your +1 hunting sling of freezing {sling} is covered in frost.
b - a +1 hunting sling of freezing (weapon)
{sling} 😮 HP[+1]
You are too injured to fight recklessly!
Fire: b) +1 hunting sling (freeze) {sling}
Press: ? - help, Q - select action, (/) - cycle Shift-Dir - straight line, f - orc
Aim: an orc, wielding a +0 flail and wearing a +0 leather armour (59% to hit)
You shoot a sling bullet. The sling bullet hits the orc.
The sling bullet freezes the orc.
You block the orc's attack.
Fire: b) +1 hunting sling (freeze) {sling}
Press: ? - help, Q - select action, (/) - cycle Shift-Dir - straight line, f/p - orc
Aim: an orc, wielding a +0 flail and wearing a +0 leather armour (severely wounded, 59% to hit)
You shoot a sling bullet.
The sling bullet completely misses the orc.
The sling bullet closely misses the orc.
The sling bullet hits the orc.
The sling bullet freezes the orc.
You kill the orc!
The orc hits you with a +0 flail. You block the orc's attack. 😮 HP[-3]
You take 3 damage, and now have 15/24 hp.
Your +1 hunting sling of freezing {sling} stops glowing.
You are now empty-handed.
You are too injured to fight recklessly!
You are too injured to fight recklessly!
You are too injured to fight recklessly!
You are too injured to fight recklessly!
You are too injured to fight recklessly!
You are too injured to fight recklessly!
You are too injured to fight recklessly!
You are too injured to fight recklessly!
You hit the orc. The orc barely misses you.
You hit the orc. The orc hits you but does no damage.
You barely miss the orc. The orc hits you with a +0 flail!
* * * LOW HITPOINT WARNING * * *
😨 HP[-7]
You take 7 damage, and now have 8/24 hp.
MASSIVE DAMAGE!! (PAUSE) It was a potion of berserk rage.
A red film seems to cover your vision as you go berserk!
You feel yourself moving faster!
You feel mighty!
The orc hits you but does no damage. 😨 HP[+4]
You now have 36 max hp (+12).
You regained 4 hp, and now have 12/36 hp.
You hit the orc.
You kill the orc! 😨 HP[+1]
You swing at nothing.
You punch the orc!
You kill the orc!
You have reached level 4!
You feel clever. 😨 HP[+2] MP[+1]
You now have 43 max hp (+7).
You regained 2 hp, and now have 15/43 hp.
Your mp is fully restored (6).
You barely miss the orc. You hit the orc. The orc barely misses you.
You closely miss the orc. You block the orc's attack. 😨 HP[+1]
You punch the orc!
You kill the orc!
You punch the endoplasm!
You kill the endoplasm!
You start resting.
You feel a strong urge to attack something.
You feel your anger nearly subside.
You are no longer berserk.
You are exhausted.
You feel yourself slow down.
You feel yourself speed up.
You recover from your berserk rage.
An orc priest is nearby! 😮 HP[+4]
You now have 29 max hp (-14).
You regained 4 hp, and now have 20/29 hp.
Unknown command.
An orc priest is nearby!
An orc priest is nearby!
An orc priest is nearby!
An orc priest is nearby!
You are too injured to fight recklessly!
Aiming: Mindburst
Press: ? - help, Shift-Dir - straight line, f - orc priest
Aim: an orc priest, wielding a +0 club (wandering, hasn't noticed you, chance to affect: 64%)
The orc priest struggles to resist.
The orc priest calls down the wrath of Beogh upon you.
Beogh smites you!
* * * LOW HITPOINT WARNING * * *
😱 HP[-13]
You take 13 damage, and now have 7/29 hp.
MASSIVE DAMAGE!! (PAUSE)
Aiming: Mindburst
Press: ? - help, Shift-Dir - straight line, f/p - orc priest
Aim: an orc priest, wielding a +0 club (chance to affect: 64%)
The orc priest struggles to resist.
The orc priest invokes the aid of Beogh against you.
Beogh smites you!
You die...

Skill      XL: |  1  2  3 |
---------------+----------+-----
Fighting       | 3 4 |  4.1
Armour         | |  2.4
Shields        | |  2.4
Unarmed Combat | |  1.5

Action                   |  1- 3 |  4- 6 || total
-------------------------+-------+-------++-------
Melee: Unarmed           |   287 |     5 ||   292
 Fire: Hunting sling     |     4 |       ||     4
Throw: Stone             |     6 |       ||     6
Evoke: Wand              |       |     2 ||     2
  Use: Scroll            |     5 |       ||     5
       Potion            |     1 |       ||     1
Armor: Scale mail        |   126 |       ||   126
Dodge: Dodged            |   127 |     1 ||   128
Block: Buckler           |    75 |     1 ||    76

Levels and vault maps discovered:
D:1:      elethiomel_arrival_diamonds, layout_basic
D:2:      layout_loops_corners, basic_altar, hellmonk_ecumenical_altar_lost_god
D:3:      layout_loops_ring, uniq_sigmund

Notes
Turn   | Place    | Note
-------+----------+-------------------------------------------
     0 | D:1      | spaghetti the Deep Elf Fighter began the quest for the Orb.
     0 | D:1      | Reached XP level 1. HP: 13/13 MP: 3/3
     0 | D:1      | magus.rc [v1.9.6]
   362 | D:1      | Reached XP level 2. HP: 18/18 MP: 4/4
   420 | D:1      | Reached skill level 3 in Fighting
  1589 | D:2      | Found a faded altar of an unknown god.
  1753 | D:2      | Reached XP level 3. HP: 18/23 MP: 5/5
  2734 | D:2      | Found a glowing silver altar of Zin.
  2968 | D:3      | You pick up a book of Frost and begin reading...
  2968 | D:3      | You add the spells Freeze, Frozen Ramparts and Hailstorm to
                  | your library.
  2980 | D:3      | You pick up a book of Debilitation and begin reading...
  2980 | D:3      | You add the spells Slow, Vampiric Draining and Confusing
                  | Touch to your library.
  3266 | D:3      | Reached skill level 4 in Fighting
  3391 | D:3      | Reached XP level 4. HP: 15/29 MP: 6/6
  3487 | D:3      | HP: 7/29 [orc priest/divine providence (13)]
  3488 | D:3      | Killed from afar by an orc priest

Vanquished Creatures
  An adder (D:2)
  4 orcs (D:3)
  6 endoplasms
  2 giant cockroaches
  4 goblins
  5 hobgoblins
  8 jackals
  2 kobolds
  A quokka (D:3)
  5 ball pythons
  3 bats
  2 frilled lizards (D:2)
  12 rats
55 creatures vanquished.

Table legend:
 A = Non-vault XP
 B = Vault XP
 C = Vault XP percentage of total XP
 D = Non-vault monster count
 E = Vault monster count
 F = Vault count percentage of total count
                 A         B        C        D         E       F
            +---------+---------+-------+---------+---------+-------
      Total |      95 |       9 |   8.7 |      48 |       7 |  12.7
            +---------+---------+-------+---------+---------+-------
        D:1 |      20 |       9 |  31.0 |      12 |       7 |  36.8
        D:2 |      45 |       0 |   0.0 |      21 |       0 |   0.0
        D:3 |      30 |       0 |   0.0 |      15 |       0 |   0.0
            +---------+---------+-------+---------+---------+-------

Illustrated notes

Table legend:
 A = Kills in this place as a percentage of kills in entire the game.
 B = Kills by you in this place as a percentage of kills by you in the entire game.
 C = Kills by friends in this place as a percentage of kills by friends in the entire game.
 D = Other kills in this place as a percentage of other kills in the entire game.
 E = Experience gained in this place as a percentage of experience gained in the entire game.
 F = Experience gained in this place divided by the number of levels of this place that you have seen.
                   A       B       C       D       E      F
               +-------+-------+-------+-------+-------+----------------------
         Total | 100.0 | 100.0 |   N/A |   N/A | 100.0 |  34.7
       Dungeon | 100.0 | 100.0 |   N/A |   N/A | 100.0 |  34.7
               +-------+-------+-------+-------+-------+----------------------

Table legend: (Time is in decaauts)
 A = Elapsed time spent in this place.
 B = Non-inter-level travel time spent in this place.
 C = Inter-level travel time spent in this place.
 D = Time resting spent in this place.
 E = Time spent auto-exploring this place.
 F = Levels seen in this place.
 G = Mean time per level.
                   A        B        C        D        E       F      G
               +--------+--------+--------+--------+--------+-----+--------+
         Total |   3500 |   3457 |     43 |    786 |   2162 |   3 | 1166.7 |
       Dungeon |   3500 |   3457 |     43 |    786 |   2162 |   3 | 1166.7 |
               +--------+--------+--------+--------+--------+-----+--------+

Top non-repeatable levels by time:
     D:2: 1661 daAuts
     D:1: 1243 daAuts
     D:3: 595 daAuts
